 Dungeon Crawl Stone Soup version 0.27-a0-1273-gec92ba881d (webtiles) character file.

Game seed: 14438724646068950841

154 freelancePsychic the Cutter (level 5, -3/39 HPs)
             Began as a Demonspawn Warper on June 11, 2021.
             Slain by an iguana (11 damage)
             ... on level 3 of the Dungeon.
             The game lasted 00:07:54 (4247 turns).

freelancePsychic the Cutter (Demonspawn Warper)     Turns: 4247, Time: 00:07:55

Health: -3/39      AC: 10    Str: 12    XL:     5   Next: 13%
Magic:  8/8        EV:  9    Int: 15    God:
Gold:   74         SH:  0    Dex: 12    Spells: 6/8 levels left

rFire    . . .     SeeInvis .   a - +0 short sword
rCold    . . .     Faith    .   (no shield)
rNeg     . . .     Spirit   .   l - +0 scale mail
rPois    .         Reflect  .   d - +1 hat
rElec    .         Harm     .   h - scarf {shadows}
rCorr    .         Rampage  .   (no gloves)
Will     .....                  g - +0 pair of boots
Stlth    ..........             (no amulet)
HPRegen  0.13/turn              (no ring)
MPRegen  0.11/turn              (no ring)

@: no status effects
A: claws 1, yellow scales 1
a: no special abilities


You were on level 3 of the Dungeon.
You visited 1 branch of the dungeon, and saw 4 of its levels.

You collected 74 gold pieces.

Inventory:

Hand Weapons
 a - a +0 short sword (weapon)
 e - a +0 quarterstaff
Armour
 b - a +0 leather armour
 d - a +1 hat (worn)
 f - a +0 chain mail
 g - a +0 pair of boots (worn)
 h - a scarf of shadows (worn)
 l - a +0 scale mail (worn)
Wands
 n - a wand of charming (1)
Scrolls
 i - 2 scrolls of identify {@r1}
 j - 2 scrolls of magic mapping
 m - a scroll of teleportation {@r4}
 p - a scroll of fog {unknown}
Potions
 k - a potion of invisibility {unknown}
 o - a potion of magic {unknown}


   Skills:
 - Level 2.3 Fighting
 - Level 4.1 Short Blades
 - Level 0.8 Throwing
 - Level 1.0 Armour
 - Level 1.7 Dodging
 * Level 0.0 Unarmed Combat
 - Level 2.0 Spellcasting
 + Level 3.5 Translocations


You had 6 spell levels left.
You knew the following spells:

 Your Spells              Type           Power      Damage    Failure   Level
a - Blink                 Tloc           N/A        N/A       38%         2

Your spell library contained the following spells:

 Spells                   Type           Power      Damage    Failure   Level
 Gell's Gravitas          Tloc           6%         N/A       63%         3
 Lesser Beckoning         Tloc           6%         N/A       63%         3
 Teleport Other           Tloc           12%        N/A       63%         3
 Manifold Assault         Tloc           12%        N/A       100%        5


Dungeon Overview and Level Annotations

Branches:
Dungeon (4/15)
 Temple: D:4-7

Altars:
Vehumet


Innate Abilities, Weirdness & Mutations

You have sharp fingernails.
You are partially covered in yellow scales. (AC +2)


Message History

The iguana is moderately wounded.
The iguana bites you.
You hit the iguana.
The iguana is moderately wounded.
The iguana bites you!
You are too injured to fight recklessly!
You are too injured to fight recklessly!
You are too injured to fight recklessly!
You are too injured to fight recklessly!
You are too injured to fight recklessly!
You are too injured to fight recklessly!
You are too injured to fight recklessly!
You are too injured to fight recklessly!
You are too injured to fight recklessly!
You are too injured to fight recklessly!
You are too injured to fight recklessly!
You are too injured to fight recklessly!
You are too injured to fight recklessly!
You are too injured to fight recklessly!
You are too injured to fight recklessly!
The iguana bites you.
You climb upwards.
There is a stone staircase leading down here.
It was a potion of curing.
You feel better. The iguana bites you.
You hit the iguana.
The iguana is severely wounded.
The iguana bites you!
You hit the iguana but do no damage.
The iguana is severely wounded.
The iguana barely misses you.
You barely miss the iguana.
The iguana is severely wounded.
The iguana bites you.
* * * LOW HITPOINT WARNING * * *
You hit the iguana.
The iguana is severely wounded.
The iguana bites you!
* * * LOW HITPOINT WARNING * * *
You feel better. The iguana bites you!
You die...

........# #.# #.#.#
.#.##...# #.# #.#.##
##......# #######.#
#....###
####...########.......#
#.......
##...........#######
##...### #.#########.#
##.## #.# #.# #.#
#.#########l# #.#
#..........@###########.#
###########.............#
###############


You could see an iguana.

Vanquished Creatures
  A hound (D:3)
  4 adders
  2 worms
  3 dart slugs
  An orc (D:3)
  4 endoplasms
  2 giant cockroaches
  5 goblins
  6 hobgoblins
  9 jackals
  8 kobolds
  3 quokkas
  7 ball pythons
  7 bats
  4 frilled lizards
  7 rats
73 creatures vanquished.

Vanquished Creatures (others)
  9 plants (D:1)
9 creatures vanquished.

Grand Total: 82 creatures vanquished

Notes
Turn   | Place    | Note
-------+----------+-------------------------------------------
     0 | D:1      | freelancePsychic the Demonspawn Warper began the quest for
                  | the Orb.
     0 | D:1      | Reached XP level 1. HP: 16/16 MP: 3/3
    15 | D:1      | Reached skill level 1 in Armour
   251 | D:1      | Reached skill level 2 in Short Blades
   276 | D:1      | Gained mutation: You are partially covered in yellow
                  | scales. (AC +2) [demonic ancestry]
   276 | D:1      | Reached XP level 2. HP: 22/22 MP: 5/5
   469 | D:2      | Found a faded altar of an unknown god.
  1028 | D:2      | Reached XP level 3. HP: 24/27 MP: 6/6
  1121 | D:2      | Reached skill level 3 in Short Blades
  1458 | D:2      | Learned a level 2 spell: Blink
  2291 | D:1      | Reached XP level 4. HP: 29/33 MP: 7/7
  3557 | D:3      | Found a radiant altar of Vehumet.
  4018 | D:3      | Reached skill level 4 in Short Blades
  4018 | D:3      | Gained mutation: You have sharp fingernails. [demonic
                  | ancestry]
  4018 | D:3      | Reached XP level 5. HP: 14/39 MP: 8/8
  4246 | D:3      | HP: 1/39 [iguana (10)]
  4247 | D:3      | Slain by an iguana

Illustrated notes

Levels and vault maps discovered:
D:1:      tarquinn_simple_flora_water_a, layout_rooms, serial_bayou_ford_a
D:2:      layout_rooms, ebering_ecumenical_altar_rust
D:3:      layout_loops_ring, lemuel_tele_altar
D:4:      layout_rooms, minmay_temple_entry_purple_smoke

Skill      XL: |  1  2  3  4 |
---------------+-------------+-----
Armour         | 1 |  1.0
Short Blades   | 2 3 4 |  4.1
Translocations | 3 |  3.5
Fighting       | |  2.3
Throwing       | |  0.8
Dodging        | |  1.7
Spellcasting   | |  2.0

Action                   |  1- 3 |  4- 6 || total
-------------------------+-------+-------++-------
Melee: Short sword       |   197 |   187 ||   384
Throw: Boomerang         |     5 |       ||     5
 Cast: Blink             |     3 |       ||     3
  Use: Scroll            |     5 |       ||     5
       Potion            |     1 |     2 ||     3
 Stab: Sleeping          |     1 |       ||     1
Armor: Leather armour    |   133 |    30 ||   163
       Scale mail        |       |    68 ||    68
Dodge: Dodged            |   178 |   100 ||   278

Table legend: (Time is in decaauts)
 A = Elapsed time spent in this place.
 B = Non-inter-level travel time spent in this place.
 C = Inter-level travel time spent in this place.
 D = Time resting spent in this place.
 E = Time spent auto-exploring this place.
 F = Levels seen in this place.
 G = Mean time per level.
                   A        B        C        D        E       F      G
               +--------+--------+--------+--------+--------+-----+--------+
         Total |   4241 |   4149 |     92 |    802 |   2437 |   4 | 1060.2 |
       Dungeon |   4241 |   4149 |     92 |    802 |   2437 |   4 | 1060.2 |
               +--------+--------+--------+--------+--------+-----+--------+

Top non-repeatable levels by time:
     D:2: 1675 daAuts
     D:3: 1636 daAuts
     D:1: 923 daAuts
     D:4: 6 daAuts
